AoeStats
← tr3tr2tr1

Nomad

510141933Analyzed
2v2 RM · 2d ago on Sep 29, 2026· 84m 5s· 4 players
Game mode
Random Map
Map size
176×176
Population
200
Speed
Normal
Resources
Standard
Victory
Conquest
Starting age
Dark Age
Ending age
Imperial Age
RankedLock teamsTeams togetherTeam positionsShared explorationLock speedFull tech treeHidden civsTurbo modeCheats
Victory
Defeat
🇬🇧 Berbers · United Kingdom
803
+16
🇬🇧 Koreans · United Kingdom
784
+17
🇹🇷 Khmer · Türkiye
847
-38
🇺🇸 Celts · United States
752
-14
GreenShell94
10:57 Loom
14:59 Feudal Age
16:01 Horse Collar
16:09 Double-Bit Axe
16:20 Stone Mining
17:07 Fishing Lines
19:42 Wheelbarrow
19:48 Fletching
20:52 Gold Mining
25:41 Castle Age
26:55 Bow Saw
32:49 Bodkin Arrow
36:33 Imperial Age
35:08 Ballistics
34:44 Crossbowman
36:26 Thumb Ring
39:41 Gold Shaft Mining
39:10 Heavy Plow
40:13 Two-Man Saw
41:10 Chemistry
40:17 Siege Engineers
41:51 Bracer
48:15 Conscription
47:40 Arbalester
51:44 Elite Genitour
53:14 Pikeman
53:54 Squires
54:11 Halberdier
62:05 Forging
61:56 Scale Mail Armor
77:38 Husbandry
77:02 Light Cavalry
80:56 Iron Casting
80:37 Chain Mail Armor
80:29 Scale Barding Armor
LoneRanger1994
3:02 Loom
16:48 Feudal Age
17:18 Double-Bit Axe
17:15 Fishing Lines
17:17 Horse Collar
22:11 Castle Age
20:55 Stone Mining
22:21 Bloodlines
23:15 Scale Barding Armor
23:21 Forging
24:28 Wheelbarrow
23:21 Light Cavalry
25:27 Hand Cart
25:31 Bow Saw
25:58 Heavy Plow
27:52 Fletching
28:43 Husbandry
33:48 Imperial Age
32:53 Thumb Ring
33:12 Ballistics
34:29 Bodkin Arrow
35:58 Cavalier
39:52 Chemistry
40:37 Conscription
41:34 Murder Holes
41:33 Elite Genitour
42:21 Bracer
42:56 Heavy Camel Rider
45:21 Hussar
48:54 Chain Barding Armor
49:09 Iron Casting
48:36 Padded Archer Armor
66:13 Plate Barding Armor
70:09 Blast Furnace
astonge7878
5:11 Loom
16:08 Feudal Age
16:46 Fishing Lines
18:43 Fletching
19:55 Wheelbarrow
20:35 Stone Mining
20:58 Double-Bit Axe
25:48 Castle Age
25:34 Man-at-Arms
26:00 Arson
26:24 Scale Mail Armor
26:34 Forging
27:16 Hand Cart
27:21 Bow Saw
26:57 Horse Collar
28:02 Long Swordsman
28:27 Gambesons
28:03 Pikeman
30:53 Chain Mail Armor
31:13 Iron Casting
34:35 Iron Casting
33:57 Bodkin Arrow
43:21 Imperial Age
44:48 Plate Mail Armor
45:18 Blast Furnace
tr3tr2tr1
16:51 Feudal Age
17:44 Horse Collar
17:52 Double-Bit Axe
18:54 Bloodlines
22:58 Castle Age
22:22 Fishing Lines
24:42 Bow Saw
25:02 Light Cavalry
26:45 Heavy Plow
27:54 Stone Mining
32:43 Forging
39:42 Tusk Swords
42:34 Imperial Age
41:53 Stone Shaft Mining
41:09 Gold Mining
42:36 Elite Ballista Elephant
44:45 Double Crossbow
47:51 Chemistry
48:11 Gold Shaft Mining
48:03 Ballistics
63:35 Cavalier
64:15 Husbandry
66:25 Loom
67:16 Wheelbarrow
66:27 Town Watch
68:42 Hand Cart
69:04 Town Patrol
72:19 Onager
84:00 Iron Casting
Connection lost

Rejoining the realm…

Still unreachable

The connection could not be restored.

Session expired

The server has moved on; the page needs a fresh start.